 Dungeon Crawl Stone Soup version 0.20.1-1-g8b1a95d (webtiles) character file.

45859 vatarom the Arsonist (level 14, 0/110 HPs)
             Began as a Demonspawn Fire Elementalist on Oct 1, 2017.
             Was an Elder of Vehumet.
             Slain by a dire elephant (2 damage)
             ... on level 6 of the Lair of Beasts.
             The game lasted 01:09:36 (27813 turns).

vatarom the Arsonist (DsFE)                        Turns: 27813, Time: 01:09:37

Health: 0/110      AC: 14    Str: 10    XL:     14   Next: 2%
Magic:  0/28       EV: 13    Int: 21    God:    Vehumet [****..]
Gold:   1088       SH:  0    Dex: 13    Spells: 4/34 levels left

rFire    + . .     SeeInvis .   a - +7 quarterstaff (chaos)
rCold    . . .     Gourm    .   (shield currently unavailable)
rNeg     . . .     Faith    .   A - +2 leather armour {rPois}
rPois    +         Spirit   +   (no helmet)
rElec    .         Reflect  .   e - +2 cloak (curse)
rCorr    .         Harm     .   (gloves unavailable)
MR       +....     Clarity  +   P - +2 pair of boots
Stlth    ++........             b - amulet of regeneration
Regen    0.7/turn               j - ring of poison resistance
MPRegen  0.3/turn               L - ring of protection from fire

@: berserk cooldown, starving, hasted and slowed
A: claws 3, yellow scales 2, blink, clarity, foul stench 1, evolution 1, magic
shield, rot immunity
a: Blink, Renounce Religion


You were on level 6 of the Lair of Beasts.
You worshipped Vehumet.
Vehumet was greatly pleased with you.
You were starving.

You visited 3 branches of the dungeon, and saw 18 of its levels.
You also visited: Ossuary and Volcano.

You collected 1118 gold pieces.
You spent 30 gold pieces at shops.

Inventory:

Hand Weapons
 a - a +7 quarterstaff of chaos (weapon)
 I - a +1 battleaxe of flaming
Missiles
 k - 34 stones (quivered)
 m - 3 curare-tipped needles
Armour
 e - a cursed +2 cloak (worn)
 A - a +2 leather armour of poison resistance (worn)
 P - a +2 pair of boots (worn)
Jewellery
 b - an amulet of regeneration (around neck)
 h - an uncursed ring of protection from magic
 j - a ring of poison resistance (left claw)
 L - a ring of protection from fire (right claw)
 R - an uncursed ring of fire
Wands
 c - a wand of digging (19/24)
 o - a wand of enslavement (9/24)
 H - a wand of digging (5/24)
 O - a wand of lightning (1/15)
Scrolls
 g - 2 scrolls of magic mapping
 i - 13 scrolls of remove curse
 l - 10 scrolls of identify
 r - 2 scrolls of vulnerability
 E - 5 scrolls of fog
 S - a scroll of amnesia
Potions
 n - a potion of cancellation
 p - a potion of berserk rage
 q - 2 potions of brilliance
 s - 3 potions of flight
 v - a potion of haste
 D - 3 potions of agility
 F - a potion of might
Books
 f - a book of Power

   Spells                             Type                      Level
   a - Iskenderun's Battlesphere      Conjuration/Charms           5
   b - Venom Bolt                     Conjuration/Poison           5
   c - Bolt of Magma                  Conjuration/Fire/Earth       5
   d - Iron Shot                      Conjuration/Earth            6
   e - Orb of Destruction             Conjuration                  7
   f - Spellforged Servitor           Conjuration/Summoning        7
Comestibles
 u - 6 meat rations
 x - 17 fruits
 J - 8 royal jellies
 Q - a bread ration


   Skills:
 - Level 10.0 Fighting
 + Level 4.6 Dodging
 - Level 1.7 Stealth
 + Level 10.6 Spellcasting
 + Level 12.1 Conjurations
 + Level 13.4 Fire Magic


You had 4 spell levels left.
You knew the following spells:

 Your Spells              Type           Power        Failure   Level  Hunger
a - Flame Tongue          Conj/Fire      #####        1%          1    None
b - Throw Flame           Conj/Fire      ######       1%          2    None
c - Conjure Flame         Conj/Fire      ######..     1%          3    None
d - Sticky Flame          Conj/Fire      ######..     1%          4    ##.....
e - Fireball              Conj/Fire      ######....   1%          5    ####...
f - Mephitic Cloud        Conj/Pois/Air  ####....     1%          3    None
g - Bolt of Magma         Conj/Fire/Erth #####.....   1%          5    ####...
h - Orb of Destruction    Conj           ######....   13%         7    #######


Dungeon Overview and Level Annotations

Branches:
Dungeon (11/15)            Temple (1/1) D:6            Lair (6/6) D:10
  Swamp (0/4) Lair:4        Snake (0/4) Lair:4        Slime (0/5) Lair:5
    Orc: D:9-12

Altars:
Ashenzari
Cheibriados
Dithmenos
Elyvilon
Fedhas
Gozag
Hepliaklqana
Kikubaaqudgha
Makhleb
Nemelex Xobeh
Okawaru
Qazlal
Ru
Sif Muna
Trog
Uskayaw
Vehumet
Xom
Yredelemnul
Zin
The Shining One

Shops:
D:6 ?

Annotations:
D:10 Snorg
Lair:4 exclusion: oklob plant


Innate Abilities, Weirdness & Mutations

You have claws for hands.
You are mostly covered in yellow scales. (AC +3)
You may emit foul miasma when damaged in melee.
When hurt, damage is shared between your health and your magic reserves.
You are immune to rotting.
You can translocate small distances at will.
You possess an exceptional clarity of mind.
You evolve.


Message History

You stumble backwards!
Unknown command.
You don't have the energy to cast that spell.
Okay, then.
Okay, then.
Okay, then.
Okay, then.
You don't have the energy to cast that spell.
Unknown command.
Evoke which item? (* to show all) (? for menu, Esc to quit)
Aiming: Lightning Bolt
Press: ? - help, Shift-Dir - straight line, f/p - dire elephant
Aim: a dire elephant (heavily wounded, sick, covered in liquid flames)
You hear a mighty clap of thunder!
The bolt of lightning hits the dire elephant.
The dire elephant is severely wounded.
This wand has 1 charge left.
You hear a trumpeting!
The dire elephant burns!
The dire elephant tramples you.
You die...

#....####.# ♣.........P.
##...'..#.##♣...........
###.'..#..##...........
#.#..##.##...........
###.†.#.###..........
#8.8#...#♣.........
##'####.##........#
##Y..≈#..#........#
#.@≈≈≈##.#........#
#≈≈≈≈≈≈#.#.........
#≈≈≈≈≈.#.#.........
##≈≈≈.##.#.........
#''####.#.........
....##8.#.......#.
#....#8..'.........
#....#.⌠.')........
#[)[$#8..'.........


You could see a dire elephant (burning).

Vanquished Creatures
  2 dire elephants (Lair:6)
  5 hydras
  An anaconda (Lair:6)
  3 two-headed ogres
  Urug (Lair:4)
  A fire crab (Lair:6)
  A lindwurm (Lair:4)
  Pikel (D:6)
  A manticore (D:10)
  10 elephants
  Joseph (D:8)
  A torpor snail (Lair:2)
  6 black mambas
  The ghost of Agrougrou the Covered, a novice DsFi of Okawaru (D:5)
  17 spiny frogs
  2 rime drakes
  9 komodo dragons
  A troll (D:9)
  2 polar bears
  A slime creature (Lair:5)
  Prince Ribbit (D:8)
  11 blink frogs
  16 dream sheep
  6 hippogriffs
  A snapping turtle (Lair:6)
  A wyvern (Lair:1)
  A fire elemental (Lair:4)
  A basilisk (Lair:5)
  2 hungry ghosts
  29 yaks
  5 swamp worms (Lair:4)
  2 nagas (Lair:4)
  11 porcupines
  10 water moccasins
  An orc warrior (D:7)
  A sky beast (D:8)
  An eye of draining (D:8)
  3 phantoms (D:7)
  A necrophage (D:9)
  4 ogres
  3 centaurs
  17 wolves
  12 crocodiles
  4 big kobolds
  An elf zombie (Ossuary)
  16 bullfrogs
  2 scorpions (D:6)
  2 howler monkeys
  3 wights (D:8)
  An electric eel (Lair:4)
  6 crimson imps
  5 jellies
  A centaur zombie (D:8)
  10 hounds
  4 orc priests
  Crazy Yiuf (D:2)
  6 orc wizards
  2 bullfrog skeletons
  A human zombie (Ossuary)
  8 iguanas
  Natasha (thrice) (D:2)
  Terence (D:2)
  Ijyb (D:3)
  11 worker ants
  2 big kobold zombies (Ossuary)
  2 hound skeletons
  4 mummies (Ossuary)
  A howler monkey zombie (D:6)
  Robin (D:2)
  7 gnolls
  16 adders
  A howler monkey skeleton (D:4)
  4 shadow imps
  2 oozes (D:3)
  11 worms
  2 adder skeletons (D:6)
  4 adder zombies
  A dart slug (D:1)
  10 leopard geckos
  26 orcs
  5 giant cockroaches
  16 goblins
  14 hobgoblins
  4 jackals
  3 ball pythons
  10 bats
  6 frilled lizards
  A hobgoblin zombie (Ossuary)
  15 kobolds
  3 kobold zombies (Ossuary)
  2 quokka skeletons
  11 rats
  A rat zombie (Ossuary)
  2 fungi
  2 plants (Lair:6)
485 creatures vanquished.

Vanquished Creatures (others)
  A hydra (Lair:3)
  2 slaves (D:6)
  A jelly (D:6)
  A gnoll (D:6)
  3 orcs (D:6)
  4 hobgoblins (D:6)
  3 kobolds (D:6)
  A kobold zombie (Ossuary)
  30 fungi
  29 plants
75 creatures vanquished.

Grand Total: 560 creatures vanquished

Notes
Turn   | Place    | Note
-------+----------+-------------------------------------------
     0 | D:1      | vatarom the Demonspawn Fire Elementalist began the quest for the Orb.
     0 | D:1      | Reached XP level 1. HP: 13/13 MP: 3/3
   246 | D:1      | Gained mutation: You have sharp fingernails. [demonic ancestry]
   246 | D:1      | Reached XP level 2. HP: 2/20 MP: 0/5
   305 | D:1      | Learned a level 2 spell: Throw Flame
   684 | D:1      | Reached skill level 1 in Fighting
  1457 | D:1      | Gained mutation: You have very sharp fingernails. [demonic ancestry]
  1457 | D:1      | Reached XP level 3. HP: 26/26 MP: 6/6
  1623 | D:2      | Learned a level 3 spell: Conjure Flame
  1655 | D:2      | You fall through a shaft for 2 floors!
  1677 | D:4      | Reached skill level 3 in Fire Magic
  1774 | D:4      | Gained mutation: You are immune to rotting. [demonic ancestry]
  1774 | D:4      | Reached XP level 4. HP: 13/32 MP: 0/7
  1997 | D:4      | Noticed an ogre
  2022 | D:4      | Gained mutation: When hurt, damage is shared between your health and your magic reserves. [demonic ancestry]
  2022 | D:4      | Reached XP level 5. HP: 11/38 MP: 1/9
  2259 | D:3      | Noticed Ijyb
  2278 | D:3      | Killed Ijyb
  2828 | D:2      | Learned a level 4 spell: Sticky Flame
  2961 | D:2      | Noticed Robin
  2993 | D:2      | Killed Robin
  3361 | D:2      | Noticed Terence
  3654 | D:2      | Noticed Natasha
  3662 | D:2      | Killed Natasha
  3662 | D:2      | Gained mutation: You have claws for hands. [demonic ancestry]
  3662 | D:2      | Reached XP level 6. HP: 46/46 MP: 5/10
  4079 | D:2      | Killed Terence
  4257 | D:2      | Noticed Natasha
  4265 | D:2      | Killed Natasha
  4332 | D:2      | Noticed Natasha
  4345 | D:2      | Killed Natasha
  4382 | D:2      | Gained mutation: Scrolls take you a little longer to read. [potion of mutation]
  4382 | D:2      | Gained mutation: You passively map a small area around you. [potion of mutation]
  4387 | D:2      | Found a runed door.
  4391 | D:2      | Noticed Crazy Yiuf
  4396 | D:2      | Killed Crazy Yiuf
  4862 | D:3      | Found a faded altar of an unknown god.
  4968 | D:4      | Reached skill level 4 in Fire Magic
  5023 | D:4      | Reached XP level 7. HP: 52/52 MP: 10/12
  5269 | D:4      | Reached skill level 5 in Conjurations
  6996 | D:5      | Entered Level 5 of the Dungeon
  7009 | D:5      | Gained mutation: You may emit foul miasma when damaged in melee. [demonic ancestry]
  7009 | D:5      | Reached XP level 8. HP: 59/60 MP: 14/14
  7133 | D:5      | Noticed Agrougrou's ghost (novice DsFi)
  7199 | D:5      | Killed Agrougrou's ghost
  7402 | D:5      | Learned a level 5 spell: Fireball
  8157 | D:5      | Reached skill level 5 in Fire Magic
  8631 | D:6      | Found Lazyitod's Magic Scroll Boutique.
  8638 | D:6      | Bought a scroll of teleportation for 30 gold pieces
  8654 | D:6      | Noticed Pikel
  8666 | D:6      | Killed Pikel
  8666 | D:6      | Reached skill level 5 in Spellcasting
  8666 | D:6      | Reached skill level 6 in Fire Magic
  8666 | D:6      | Gained mutation: You are partially covered in yellow scales. (AC +2) [demonic ancestry]
  8666 | D:6      | Reached XP level 9. HP: 57/67 MP: 2/16
  8897 | D:6      | Found a staircase to the Ecumenical Temple.
  8907 | D:6      | Reached skill level 5 in Fighting
  8909 | Temple   | Entered the Ecumenical Temple
  8925 | Temple   | Became a worshipper of Vehumet
  9483 | D:6      | Found a sacrificial altar of Ru.
 10155 | D:7      | Found a glowing golden altar of the Shining One.
 10215 | D:7      | Reached skill level 7 in Fire Magic
 10301 | D:7      | Reached * piety under Vehumet
 10301 | D:7      | Offered knowledge of Freeze by Vehumet.
 10463 | D:7      | Found a sand-covered staircase.
 10473 | Ossuary  | Entered an ossuary
 11480 | D:8      | Learned a level 3 spell: Mephitic Cloud
 11544 | D:8      | Noticed Joseph
 11557 | D:8      | Killed Joseph
 11557 | D:8      | Reached XP level 10. HP: 41/76 MP: 5/19
 11757 | D:8      | Noticed a two-headed ogre
 11772 | D:8      | Killed a two-headed ogre
 11772 | D:8      | Reached skill level 8 in Fire Magic
 12133 | D:8      | Noticed Prince Ribbit
 12165 | D:8      | Killed Prince Ribbit
 12287 | D:8      | Reached ** piety under Vehumet
 12287 | D:8      | Offered knowledge of Sting by Vehumet.
 12399 | D:8      | Got an ancient quarterstaff
 12402 | D:8      | Identified the +1 quarterstaff of Makhleb's Hatred {venom, rPois rC+} (You found it on level 8 of the Dungeon)
 12893 | D:8      | Noticed a two-headed hydra
 12909 | D:8      | Killed a two-headed hydra
 12909 | D:8      | Reached skill level 9 in Fire Magic
 13563 | D:9      | Noticed a two-headed ogre
 13573 | D:9      | Killed a two-headed ogre
 13573 | D:9      | Reached XP level 11. HP: 35/84 MP: 8/21
 14094 | D:9      | Offered knowledge of Throw Frost by Vehumet.
 14703 | D:10     | Entered Level 10 of the Dungeon
 14919 | D:10     | Noticed Snorg
 15012 | D:10     | Noticed a two-headed ogre
 15020 | D:10     | Killed a two-headed ogre
 15229 | D:10     | Found a staircase to the Lair.
 15291 | D:10     | Reached *** piety under Vehumet
 15582 | D:11     | Noticed a two-headed ogre
 15821 | Lair:1   | Entered Level 1 of the Lair of Beasts
 15828 | Lair:1   | Lost mutation: Scrolls take you a little longer to read. [potion of mutation]
 15828 | Lair:1   | Lost mutation: You passively map a small area around you. [potion of mutation]
 15828 | Lair:1   | Gained mutation: You passively map a small area around you. [potion of mutation]
 15828 | Lair:1   | Gained mutation: You can translocate small distances at will. [potion of mutation]
 15828 | Lair:1   | Gained mutation: You evolve. [potion of mutation]
 15962 | Lair:1   | Reached skill level 10 in Fire Magic
 16021 | Lair:1   | Gained mutation: You possess an exceptional clarity of mind. [evolution]
 16259 | Lair:1   | Offered knowledge of Throw Icicle by Vehumet.
 16661 | Lair:1   | Reached skill level 10 in Conjurations
 17924 | Lair:2   | Reached XP level 12. HP: 76/95 MP: 19/24
 18645 | Lair:2   | Reached **** piety under Vehumet
 19381 | Lair:2   | Reached skill level 11 in Fire Magic
 19449 | Lair:2   | Offered knowledge of Iskenderun's Mystic Blast by Vehumet.
 20112 | Lair:3   | Reached skill level 10 in Fighting
 20169 | Lair:3   | Noticed an eight-headed hydra
 21453 | Lair:4   | Noticed Urug
 21628 | Lair:4   | Found a dark tunnel.
 21640 | Volcano  | Entered a volcano
 21846 | Lair:4   | Noticed a seven-headed hydra
 21945 | Lair:4   | Killed a seven-headed hydra
 22273 | Lair:4   | Found a staircase to the Snake Pit.
 22287 | Lair:4   | Killed Urug
 22287 | Lair:4   | Reached skill level 12 in Fire Magic
 22533 | Lair:4   | Gained mutation: You are mostly covered in yellow scales. (AC +3) [demonic ancestry]
 22533 | Lair:4   | Reached XP level 13. HP: 62/103 MP: 8/26
 22714 | Lair:4   | Found a staircase to the Swamp.
 22957 | Lair:4   | Reached ***** piety under Vehumet
 24572 | Lair:5   | Reached skill level 10 in Spellcasting
 24654 | Lair:5   | Found a staircase to the Slime Pits.
 25224 | Lair:6   | Entered Level 6 of the Lair of Beasts
 25557 | Lair:6   | Offered knowledge of Bolt of Cold by Vehumet.
 25622 | Lair:6   | HP: 5/103 [elephant (3)]
 25623 | Lair:6   | Reached skill level 13 in Fire Magic
 26084 | Lair:6   | Identified a scroll of acquirement
 26096 | Lair:5   | Learned a level 5 spell: Bolt of Magma
 26104 | Lair:5   | Learned a level 7 spell: Orb of Destruction
 27717 | Lair:6   | Lost mutation: You passively map a small area around you. [evolution]
 27772 | Lair:6   | Noticed a dire elephant
 27772 | Lair:6   | Noticed a dire elephant
 27788 | Lair:6   | Noticed a dire elephant
 27796 | Lair:6   | Killed a dire elephant
 27807 | Lair:6   | Killed a dire elephant
 27807 | Lair:6   | Reached XP level 14. HP: 18/110 MP: 5/28
 27812 | Lair:6   | HP: 2/110 [dire elephant (20)]
 27813 | Lair:6   | Slain by a dire elephant

Skill      XL: |  1  2  3  4  5  6  7  8  9 10 11 12 13 |
---------------+----------------------------------------+-----
Fighting       | 1 2 3 4 6 7 9 10 | 10.0
Conjurations   | 2 3 4 6 7 8 9 10 11 12 | 12.1
Fire Magic     | 3 4 6 7 9 10 12 13 | 13.4
Spellcasting   | 3 4 5 6 7 8 9 10 | 10.6
Dodging        | 4 |  4.6
Stealth        | |  1.7

Action                   |  1- 3 |  4- 6 |  7- 9 | 10-12 | 13-15 || total
-------------------------+-------+-------+-------+-------+-------++-------
Melee: Unarmed           |    11 |    44 |       |       |       ||    55
       Dagger            |    33 |    83 |       |       |       ||   116
       Short sword       |    13 |       |       |       |       ||    13
       Quarterstaff      |       |    12 |   276 |   383 |   170 ||   841
 Fire: Hunting sling     |       |    37 |       |       |       ||    37
 Cast: Flame Tongue      |    33 |    67 |   113 |   174 |    19 ||   406
       Throw Flame       |     1 |    12 |    20 |    22 |     6 ||    61
       Conjure Flame     |       |     4 |     2 |       |     2 ||     8
       Sticky Flame      |       |       |    14 |    64 |    35 ||   113
       Fireball          |       |       |     2 |    53 |    30 ||    85
       Mephitic Cloud    |       |       |       |    30 |     4 ||    34
       Orb of Destructio |       |       |       |       |    18 ||    18
       Bolt of Magma     |       |       |       |       |     8 ||     8
 Abil: Blink             |       |       |       |     4 |     6 ||    10
Evoke: Wand              |       |     5 |     3 |    13 |    13 ||    34
  Use: Scroll            |     7 |     3 |     7 |    17 |    15 ||    49
       Potion            |       |     8 |     2 |     7 |    15 ||    32
 Stab: Sleeping          |     2 |     7 |     3 |     1 |       ||    13
       Paralysed         |       |       |     5 |       |     1 ||     6
       Confused          |       |       |       |     5 |       ||     5
       Invisible         |       |       |       |       |     3 ||     3
       Petrifying        |       |       |       |       |     1 ||     1
  Eat: Chunk             |     3 |     6 |    12 |    22 |     5 ||    48
       Bread ration      |       |     1 |     3 |     4 |       ||     8
       Royal jelly       |       |       |     1 |     1 |       ||     2
       Meat ration       |       |       |       |     3 |     5 ||     8
       Fruit             |       |       |       |     1 |     6 ||     7
Armor: Robe              |    21 |    45 |    12 |       |       ||    78
       Skin              |       |     4 |    69 |       |    33 ||   106
       Leather armour    |       |       |   102 |   251 |    89 ||   442
Dodge: Dodged            |    41 |   112 |   223 |   336 |   146 ||   858
